 Seeded DCSS version 0.29-a0-887-gcbe080d7e0 (webtiles) character file.

Game seed: 570102490474017323 (custom seed)

3855 wilfster70 the Cleaver (level 10, -12/90 HPs)
             Began as a Hill Orc Fighter on July 21, 2022.
             Was an Initiate of Beogh.
             Mangled by a death knight
             ... wielding a +3 great mace of protection
              (25 damage)
             ... on level 8 of the Dungeon.
             The game lasted 00:12:08 (7568 turns).

wilfster70 the Cleaver (Hill Orc Fighter)           Turns: 7568, Time: 00:12:09

Health: -12/90     AC: 14    Str: 24    XL:     10   Next: 18%
Magic:  13/13      EV:  3    Int:  8    God:    Beogh [......]
Gold:   428        SH: 13    Dex: 10    Spells: 9/9 levels left

rFire   . . .      SeeInvis +   a - +1 war axe (freeze)
rCold   . . .      Faith    .   G - +0 tower shield
rNeg    . . .      Spirit   .   u - +0 plate armour
rPois   .          Reflect  .   (no helmet)
rElec   .          Harm     .   m - +0 cloak
rCorr   .          Rampage  .   w - +0 pair of gloves
Will    .....                   (no boots)
Stlth   ..........              q - amulet of the acrobat
HPRegen 0.25/turn               i - +4 ring of slaying
MPRegen 0.13/turn               k - ring of see invisible

@: mighty, studying Unarmed Combat
A: no striking features
a: Renounce Religion


You were on level 8 of the Dungeon.
You worshipped Beogh.
Beogh was noncommittal.
You visited 1 branch of the dungeon, and saw 8 of its levels.

You collected 428 gold pieces.

Inventory:

Hand Weapons
 a - a +1 war axe of freezing (weapon)
 b - a +0 sling
 o - a +0 arbalest
 z - a +3 trident
 B - a +0 trident
 H - a +1 halberd of freezing
Armour
 c - a +0 buckler
 m - a +0 cloak (worn)
 u - a +0 plate armour (worn)
 w - a +0 pair of gloves (worn)
 G - a +0 tower shield (worn)
Jewellery
 i - a +4 ring of slaying (left hand)
 k - a ring of see invisible (right hand)
 q - an amulet of the acrobat (around neck)
 J - a ring of fire
Wands
 n - a wand of flame (8)
 L - a wand of paralysis (7)
Scrolls
 e - a scroll of amnesia {unknown}
 g - 6 scrolls of teleportation {unknown}
 j - a scroll of enchant weapon {unknown}
 p - 3 scrolls of butterflies {unknown}
 r - a scroll of brand weapon {unknown}
 s - 2 scrolls of enchant armour {unknown}
 t - a scroll of noise {unknown}
 v - a scroll of silence {unknown}
 y - a scroll of magic mapping {unknown}
 A - 6 scrolls of identify {unknown}
 D - 2 scrolls of vulnerability {unknown}
 K - 2 scrolls of immolation {unknown}
Potions
 f - a potion of mutation {unknown}
 h - 7 potions of lignification {unknown}
 l - a potion of berserk rage {unknown}
 x - a potion of ambrosia {unknown}
 C - a potion of brilliance {unknown}
 E - a potion of magic {unknown}
 F - 3 potions of degeneration {unknown}


   Skills:
 - Level 8.9 Fighting
 * Level 14.0 Axes
 - Level 4.1 Armour
 + Level 6.6 Shields
 + Level 4.1 Invocations


You had 9 spell levels left.
You didn't know any spells.
Your spell library contained the following spells:

 Spells                   Type           Power      Damage    Failure   Level
 Apportation              Tloc           0%         N/A       100%        1
 Necrotise                Necr           0%         1d4       100%        1
 Summon Small Mammal      Summ           0%         N/A       100%        1
 Ensorcelled Hibernation  Hex/Ice        0%         N/A       100%        2
 Passwall                 Tmut/Erth      0%         N/A       100%        2
 Swiftness                Air            0%         N/A       100%        3


Dungeon Overview and Level Annotations

Branches:
Dungeon (8/15)             Temple (0/1) D:7
   Lair: D:8-11

Altars:
Trog
Wu Jian


Message History

The slime creature attacks as you move away!
You block the slime creature's attack.
You slice the slime creature!! You freeze the slime creature.
The slime creature is heavily wounded.
The death knight offers itself to Yredelemnul, and fills with unholy energy.
The slime creature barely misses you.
You hit the slime creature. You freeze the slime creature.
The slime creature is severely wounded.
The slime creature hits you.
You slice the slime creature!! You freeze the slime creature.
You kill the slime creature!
Beogh accepts your kill.
Your Axes skill increases to level 14!
You barely miss the death knight. You block the death knight's attack.
The death knight calls down the wrath of Yredelemnul upon you.
You struggle to resist.
You slash the death knight! You freeze the death knight.
The death knight is moderately wounded.
The death knight reflects your damage back at you!
The death knight hits you with a +3 great mace of protection!!
* * * LOW HITPOINT WARNING * * *
The boulder beetle leaps!
You slice the death knight!! You freeze the death knight!
The death knight is heavily wounded.
The death knight reflects your damage back at you!
* * * LOW HITPOINT WARNING * * *
You block the death knight's attack.
You feel much better. You block the death knight's attack.
You closely miss the death knight.
The death knight is heavily wounded.
You block the death knight's attack.
You closely miss the death knight.
The death knight is heavily wounded.
The death knight's dark mirror aura disappears.
The death knight hits you with a +3 great mace of protection!!
* * * LOW HITPOINT WARNING * * *
You slash the death knight! You freeze the death knight.
The death knight is severely wounded.
The death knight hits you with a +3 great mace of protection!!
You die...

...$.#! ### #. ...
..# #..#..## #.#
## ##..#...###.#
.. .....#..##@# ..
#..#..>.##p# ..
..#..#.##C#
#.######.#.....oV#
.......).#.#####.#
#..........# #z#
##.#######.# #)#
#.#.# #.# #h#
.###.# #.#####.#


You could see a death knight, a cyclops, a vampire (invisible), a black bear, a
wight and an orc wizard (invisible).

Vanquished Creatures
  Joseph (D:8)
  The ghost of wilfster70 the Sneak, a novice SpEn (D:6)
  A slime creature (D:8)
  A wraith (D:6)
  A wyvern (D:8)
  A steam dragon (D:7)
  A water moccasin (D:7)
  2 ice beasts
  2 ogres
  6 centaurs
  A bullfrog (D:6)
  5 necrophages
  A scorpion (D:4)
  10 wights
  3 hounds
  Crazy Yiuf (D:2)
  An orc priest (D:7)
  3 jellies
  Jessica (D:2)
  2 iguanas
  Natasha (thrice) (D:2)
  4 orc wizards
  11 adders
  A white imp (D:7)
  An ufetubus (D:5)
  2 dart slugs
  17 orcs
  7 ball pythons
  5 endoplasms
  2 giant cockroaches
  11 goblins
  15 hobgoblins
  5 jackals (D:2)
  4 quokkas
  A bat (D:3)
  4 frilled lizards
  4 kobolds
  11 rats
153 creatures vanquished.

Vanquished Creatures (others)
  An ogre (D:4)
  2 fungi (D:2)
  13 plants (D:2)
16 creatures vanquished.

Grand Total: 169 creatures vanquished

Notes
Turn   | Place    | Note
-------+----------+-------------------------------------------
     0 | D:1      | wilfster70 the Hill Orc Fighter began the quest for the
                  | Orb.
     0 | D:1      | Reached XP level 1. HP: 19/19 MP: 1/1
    61 | D:1      | Reached skill level 3 in Axes
    79 | D:1      | Reached XP level 2. HP: 26/27 MP: 2/2
   541 | D:1      | Reached XP level 3. HP: 33/33 MP: 3/3
   671 | D:2      | Identified the +8 long sword "Roataonn" {freeze, Drain
                  | rElec Str+4 Int+4}
   747 | D:2      | Noticed Natasha
   756 | D:2      | Killed Natasha
   757 | D:2      | Reached skill level 4 in Axes
   963 | D:2      | Reached XP level 4. HP: 40/40 MP: 4/4
  1064 | D:2      | Noticed Jessica
  1068 | D:2      | Killed Jessica
  1138 | D:2      | Found a faded altar of an unknown god.
  1280 | D:2      | Found a runed translucent door.
  1281 | D:2      | Noticed Crazy Yiuf
  1288 | D:2      | Killed Crazy Yiuf
  1289 | D:2      | Reached XP level 5. HP: 39/47 MP: 5/5
  1453 | D:2      | Noticed Natasha
  1464 | D:2      | Killed Natasha
  1465 | D:2      | Reached skill level 5 in Axes
  1727 | D:2      | Found a faded altar of an unknown god.
  2049 | D:2      | Noticed Natasha
  2059 | D:2      | Killed Natasha
  2641 | D:3      | Reached XP level 6. HP: 55/55 MP: 6/6
  3001 | D:3      | Found an ornate altar of the Wu Jian Council.
  3001 | D:3      | Found a bloodstained altar of Trog.
  3126 | D:4      | Reached skill level 6 in Axes
  3127 | D:4      | Reached skill level 5 in Fighting
  3460 | D:4      | Reached skill level 7 in Axes
  3460 | D:4      | Reached XP level 7. HP: 37/61 MP: 7/7
  3476 | D:4      | Reached skill level 8 in Axes
  4010 | D:5      | Entered Level 5 of the Dungeon
  4371 | D:5      | Reached skill level 9 in Axes
  4371 | D:5      | Reached XP level 8. HP: 32/71 MP: 8/8
  5212 | D:6      | Reached skill level 10 in Axes
  5320 | D:6      | Noticed a wraith
  5330 | D:6      | Killed a wraith
  5662 | D:6      | Reached skill level 11 in Axes
  5695 | D:6      | Became a worshipper of Beogh the Brigand
  5969 | D:6      | Reached XP level 9. HP: 50/81 MP: 9/9
  6111 | D:6      | Found a runed translucent door.
  6113 | D:6      | Noticed wilfster70's ghost (novice SpEn)
  6154 | D:5      | Reached skill level 12 in Axes
  6373 | D:6      | Killed wilfster70's ghost
  6374 | D:6      | Reached skill level 5 in Shields
  6857 | D:7      | Found a staircase to the Ecumenical Temple.
  6863 | D:7      | Reached skill level 1 in Invocations
  7014 | D:7      | Reached skill level 13 in Axes
  7531 | D:8      | Noticed Joseph
  7533 | D:8      | Noticed a death knight
  7534 | D:8      | Noticed a boulder beetle
  7535 | D:8      | Noticed a cyclops
  7542 | D:8      | Reached XP level 10. HP: 76/90 MP: 12/12
  7552 | D:8      | Killed Joseph
  7562 | D:8      | Reached skill level 14 in Axes
  7568 | D:8      | Mangled by a death knight

Illustrated notes

Levels and vault maps discovered:
D:1:      roderic_octagonal_star, layout_loops_ring, minmay_misc_feat_plants
D:2:      minmay_inner_zag, layout_basic,
          shapermc_ecumenical_altar_mp_ritualfount, uniq_crazy_yiuf_cottage,
          uniq_jessica, uniq_natasha
D:3:      kennysheep_the_goblin_king, layout_basic, minitemple
D:4:      layout_loops_cross, minmay_manual_mares
D:5:      layout_basic, grunt_tough_drop
D:6:      layout_gridville, ebering_ghost_sewer_d
D:7:      layout_cave_pods, minmay_temple_entry_ruins
D:8:      minmay_bloctagon, layout_loops_ring, jmf_multi_god_temple2,
          uniq_joseph, uniq_maurice

Skill      XL: |  1  2  3  4  5  6  7  8  9 10 |
---------------+-------------------------------+-----
Axes           | 3 4 5 7 9 11 13 14 | 14.0
Fighting       | 4 5 6 8 |  8.9
Shields        | 4 6 |  6.6
Armour         | 4 |  4.1
Invocations    | 3 4 |  4.1

Action                   |  1- 3 |  4- 6 |  7- 9 | 10-12 || total
-------------------------+-------+-------+-------+-------++-------
Melee: War axe           |    60 |   111 |   189 |    18 ||   378
Invok: Convert to Beogh  |       |       |     1 |       ||     1
  Use: Potion            |       |       |     1 |     2 ||     3
Armor: Scale mail        |    17 |    21 |       |       ||    38
       Plate armour      |       |    26 |   113 |     3 ||   142
Dodge: Dodged            |    29 |    58 |    71 |     3 ||   161
Block: Buckler           |     9 |    20 |    13 |       ||    42
       Tower shield      |       |       |   111 |    14 ||   125

Table legend: (Time is in decaauts)
 A = Elapsed time spent in this place.
 B = Non-inter-level travel time spent in this place.
 C = Inter-level travel time spent in this place.
 D = Time resting spent in this place.
 E = Time spent auto-exploring this place.
 F = Levels seen in this place.
 G = Mean time per level.
                   A        B        C        D        E       F      G
               +--------+--------+--------+--------+--------+-----+--------+
         Total |   7679 |   7528 |    151 |   1784 |   3639 |   8 |  959.9 |
       Dungeon |   7679 |   7528 |    151 |   1784 |   3639 |   8 |  959.9 |
               +--------+--------+--------+--------+--------+-----+--------+

Top non-repeatable levels by time:
     D:2: 1633 daAuts
     D:5: 1364 daAuts
     D:6: 1275 daAuts
     D:4: 912 daAuts
     D:7: 909 daAuts
     D:3: 849 daAuts
     D:1: 668 daAuts
     D:8: 67 daAuts
